 Dungeon Crawl Stone Soup version 0.29.1-13-g9f3cf754e1 (webtiles) character file.

Game seed: 412299244391090670

392 theswoord the Twirler (level 6, -1/47 HPs)
             Began as a Gnoll Wanderer on Jan 26, 2023.
             Engulfed by a cloud of flame (6 damage)
             ... on level 4 of the Dungeon.
             The game lasted 00:05:28 (2991 turns).

theswoord the Twirler (Gnoll Wanderer)              Turns: 2991, Time: 00:05:28

Health: -1/47      AC:  7    Str: 11    XL:     6   Next: 80%
Magic:  14/14      EV:  9    Int: 13    God:
Gold:   316        SH:  0    Dex: 18    Spells: 14/15 levels left

rFire   + . .      SeeInvis +   f - +4 quarterstaff of Immorality {chaos, rPois rF+ SInv}
rCold   . . .      Faith    .   (shield currently unavailable)
rNeg    . . .      Spirit   .   b - +0 scale mail
rPois   +          Reflect  .   (no helmet)
rElec   .          Harm     .   (no cloak)
rCorr   .          Rampage  .   (no gloves)
Will    .....                   (no boots)
Stlth   +.........              (no amulet)
HPRegen 0.15/turn               d - +6 ring of dexterity
MPRegen 0.14/turn               (no ring)

@: about to teleport
A: fangs 1, strong nose, distributed training
a: no special abilities


You were on level 4 of the Dungeon.
You visited 1 branch of the dungeon, and saw 4 of its levels.

You collected 316 gold pieces.

Inventory:

Hand Weapons
 a - a +0 vorpal quarterstaff
 f - the +4 quarterstaff of Immorality (weapon) {chaos, rPois rF+ SInv}
   (You found it on level 2 of the Dungeon)

   Each time it hits an enemy it has a different, random effect.
   rF:        It protects you from fire.
   rPois:     It protects you from poison.
   SInv:      It lets you see invisible.
 i - a +3 spectral hand axe
Armour
 b - a +0 scale mail (worn)
Jewellery
 d - a +6 ring of dexterity (left hand)
 k - a ring of willpower
Scrolls
 e - 2 scrolls of teleportation
 o - a scroll of fear
Potions
 c - 3 potions of curing
 g - 2 potions of flight {unknown}
 j - a potion of mutation {unknown}
 l - a potion of might {unknown}
 m - a potion of degeneration {unknown}
 n - a potion of invisibility {unknown}


   Skills:
 + Level 3.4 Fighting
 + Level 2.2 Short Blades
 + Level 2.2 Long Blades
 + Level 2.2 Axes
 + Level 2.2 Maces & Flails
 + Level 2.2 Polearms
 + Level 6.9 Staves
 + Level 2.2 Ranged Weapons
 + Level 2.2 Throwing
 + Level 5.1 Armour
 + Level 2.2 Dodging
 + Level 2.2 Stealth
 + Level 2.2 Shields
 + Level 2.2 Unarmed Combat
 + Level 5.4 Spellcasting
 + Level 1.7 Conjurations
 + Level 1.7 Hexes
 + Level 1.7 Summonings
 + Level 1.7 Necromancy
 + Level 1.7 Translocations
 + Level 1.7 Transmutations
 + Level 1.7 Fire Magic
 + Level 2.8 Ice Magic
 + Level 1.7 Air Magic
 + Level 1.7 Earth Magic
 + Level 1.7 Poison Magic
 + Level 2.4 Invocations
 + Level 3.4 Evocations


You had 14 spell levels left.
You knew the following spells:

 Your Spells              Type           Power      Damage    Failure   Level
a - Freeze                Ice            40%        1d6       28%         1

Your spell library contained the following spells:

 Spells                   Type           Power      Damage    Failure   Level
 Ozocubu's Armour         Ice            10%        N/A       65%         3


Dungeon Overview and Level Annotations

Branches:
Dungeon (4/15)
 Temple: D:4-7

Altars:
Dithmenos
Gozag
Sif Muna
Uskayaw
Vehumet
Zin

Shops:
D:4 [


Innate Abilities, Weirdness & Mutations

You have very sharp teeth.
Your uncanny sense of smell can sniff out nearby items.
Your experience applies equally to all skills.


Message History

The orc moves out of view.
You see here a scroll labelled ONUMYMU ATRIE.
p - a scroll labelled ONUMYMU ATRIE
As you read the scroll labelled ONUMYMU ATRIE, it crumbles to dust.
The creatures around you are filled with an inner flame!
It was a scroll of immolation.
The orc priest casts a cantrip, but nothing happens.
You sock the orc priest!
Flame seeps out of the orc priest. x2
You bite the orc priest.
The orc priest is almost dead.
The orc priest is engulfed in blazing flames.
The orc priest explodes!
The fiery explosion engulfs you! You resist.
The fiery explosion engulfs the scorpion!!
The scorpion explodes!
The fiery explosion engulfs you! You resist.
* * * LOW HITPOINT WARNING * * *
You hear a shout!
Unknown command.
Okay, then.
You feel much better.
You are engulfed in blazing flames.
You resist.
The orc priest looks encouraged for a moment.
You are engulfed in blazing flames.
You resist.
You are engulfed in blazing flames.
You resist.
* * * LOW HITPOINT WARNING * * *
As you read the scroll of teleportation, it crumbles to dust.
You feel strangely unstable.
You are engulfed in blazing flames.
You resist.
* * * LOW HITPOINT WARNING * * *
You feel better.
You are engulfed in blazing flames.
You resist.
* * * LOW HITPOINT WARNING * * *
Okay, then.
You feel better.
You are engulfed in blazing flames.
You resist.
* * * LOW HITPOINT WARNING * * *
You feel better.
You are engulfed in blazing flames.
You resist.
* * * LOW HITPOINT WARNING * * *
The orc barely misses you.
You thump the orc! You freeze the orc.
You kill the orc!
You are engulfed in blazing flames.
You resist.
You die...

#####'## #+####.##.####..
###.# #...............
#...############.##.#####>
#...'............##.# ###.
#...###############.#.....
#####...#
......###...........
#.......#
#...........<.....
#.......#
#§§○.....########.
#.....### #@)§o....+
#.....# #☼○o.....# #######
#§○○....## #..........
#........... #..........#
∆ #.........#.o
#........#..o


You could see an orc priest (inner flame) and an orc wizard.

Vanquished Creatures
  Grinder (D:3)
  A scorpion (D:4)
  An orc priest (D:4)
  A gnoll (D:1)
  3 adders
  A dart slug (D:1)
  5 orcs
  5 ball pythons
  8 endoplasms
  2 giant cockroaches (D:3)
  8 goblins
  10 hobgoblins
  3 jackals (D:1)
  2 quokkas (D:1)
  5 bats
  4 frilled lizards
  4 kobolds
  3 rats
67 creatures vanquished.

Vanquished Creatures (others)
  5 fungi
  5 toadstools (D:2)
10 creatures vanquished.

Grand Total: 77 creatures vanquished

Notes
Turn   | Place    | Note
-------+----------+-------------------------------------------
     0 | D:1      | theswoord the Gnoll Wanderer began the quest for the Orb.
     0 | D:1      | theswoord set off with the following items: a +0 vorpal
                  | quarterstaff, a +0 scale mail, a potion of curing; and the
                  | following spell memorised: Freeze; and the following spells
                  | available to memorise: Ozocubu's Armour.
     0 | D:1      | Reached XP level 1. HP: 17/17 MP: 6/6
   284 | D:1      | Reached XP level 2. HP: 16/23 MP: 7/7
   716 | D:1      | Reached skill level 5 in Spellcasting
   716 | D:1      | Reached XP level 3. HP: 28/28 MP: 7/9
  1082 | D:1      | Found a faded altar of an unknown god.
  1135 | D:1      | Reached skill level 1 in Invocations
  1418 | D:2      | Reached skill level 1 in Short Blades
  1418 | D:2      | Reached skill level 1 in Long Blades
  1418 | D:2      | Reached skill level 1 in Axes
  1418 | D:2      | Reached skill level 1 in Maces & Flails
  1418 | D:2      | Reached skill level 1 in Polearms
  1418 | D:2      | Reached skill level 1 in Ranged Weapons
  1418 | D:2      | Reached skill level 1 in Throwing
  1418 | D:2      | Reached skill level 1 in Dodging
  1418 | D:2      | Reached skill level 1 in Stealth
  1418 | D:2      | Reached skill level 1 in Shields
  1418 | D:2      | Reached skill level 1 in Unarmed Combat
  1450 | D:2      | Identified the +4 quarterstaff of Immorality {chaos, rPois
                  | rF+ SInv}
  1456 | D:2      | Found a shimmering blue altar of Sif Muna.
  1599 | D:2      | Reached XP level 4. HP: 34/34 MP: 11/11
  2186 | D:3      | Reached skill level 1 in Conjurations
  2186 | D:3      | Reached skill level 1 in Hexes
  2186 | D:3      | Reached skill level 1 in Summonings
  2186 | D:3      | Reached skill level 1 in Necromancy
  2186 | D:3      | Reached skill level 1 in Translocations
  2186 | D:3      | Reached skill level 1 in Transmutations
  2186 | D:3      | Reached skill level 1 in Fire Magic
  2186 | D:3      | Reached skill level 1 in Air Magic
  2186 | D:3      | Reached skill level 1 in Earth Magic
  2186 | D:3      | Reached skill level 1 in Poison Magic
  2188 | D:3      | Found a shadowy altar of Dithmenos.
  2394 | D:3      | Noticed Grinder
  2403 | D:3      | Killed Grinder
  2404 | D:3      | Reached skill level 5 in Armour
  2404 | D:3      | Reached XP level 5. HP: 34/41 MP: 12/12
  2404 | D:3      | Reached XP level 6. HP: 39/47 MP: 14/14
  2841 | D:4      | Found a glowing silver altar of Zin.
  2842 | D:4      | Found an opulent altar of Gozag.
  2913 | D:4      | Found a radiant altar of Vehumet.
  2913 | D:4      | Found a hide-covered altar of Uskayaw.
  2914 | D:4      | Found a shimmering blue altar of Sif Muna.
  2928 | D:4      | Found Weckeme's Armour Emporium.
  2991 | D:4      | Engulfed by a cloud of flame

Skill      XL: |  1  2  3  4 |
---------------+-------------+-----
Ice Magic      | 2 |  2.8
Spellcasting   | 5 |  5.4
Invocations    | 1 2 |  2.4
Short Blades   | 1 2 |  2.2
Long Blades    | 1 2 |  2.2
Axes           | 1 2 |  2.2
Maces & Flails | 1 2 |  2.2
Polearms       | 1 2 |  2.2
Ranged Weapons | 1 2 |  2.2
Throwing       | 1 2 |  2.2
Dodging        | 1 2 |  2.2
Stealth        | 1 2 |  2.2
Shields        | 1 2 |  2.2
Unarmed Combat | 1 2 |  2.2
Conjurations   | 1 |  1.7
Hexes          | 1 |  1.7
Summonings     | 1 |  1.7
Necromancy     | 1 |  1.7
Translocations | 1 |  1.7
Transmutations | 1 |  1.7
Fire Magic     | 1 |  1.7
Air Magic      | 1 |  1.7
Earth Magic    | 1 |  1.7
Poison Magic   | 1 |  1.7
Fighting       | 3 |  3.4
Armour         | 5 |  5.1
Evocations     | 3 |  3.4
Staves         | |  6.9

Action                   |  1- 3 |  4- 6 || total
-------------------------+-------+-------++-------
Melee: Quarterstaff      |    84 |    59 ||   143
       Bite              |     5 |     4 ||     9
       Hand axe          |       |     8 ||     8
  Use: Scroll            |     2 |     6 ||     8
       Potion            |       |     4 ||     4
Armor: Scale mail        |    34 |    33 ||    67
Dodge: Dodged            |    33 |    31 ||    64

Levels and vault maps discovered:
D:1:      sevenhm_arrival_forest_fort_large_4, layout_basic,
          hellmonk_ecumenical_altar_prayer_group
D:2:      layout_basic, basic_altar, chequers_serial_rivers_marsh,
          kennysheep_nondescript, minmay_gold_behind_fungi,
          hangedman_decor_points, minmay_3d_cube
D:3:      layout_loops_ring, mainiacjoe_overflow_alcove_4, uniq_grinder
D:4:      layout_basic, chequers_temple_overflow_statue_of_worship,
          grunt_temple_overflow_gold_and_silver, enter_ossuary_1, serial_shops,
          shop, roderic_lattice_a, hangedman_decor_opposing, uniq_duvessa
